Cogmind - Beta 15 @@@ ROGUE MODE // 2025.10.20 @ 21:33:26 Player: the Result: Destroyed by RO-WGB(R) with Subdweller Laser Performance ------------- Evolutions (0) 0 Regions Visited (2) 400 Robots Destroyed (43) 215 Value Destroyed (753) 753 Prototype IDs (3) 60 Alien Tech Used (0) 0 Bonus (0) 0 TOTAL SCORE: 1428 Bonus ------- None Cogmind --------- Core Integrity 0/250 Matter 159/300 Energy 265/265 System Corruption 0% Temperature Cool (6) Movement Rolling (175) Ox5 Location -10/Subcaves Parts ------- > --- POWER (1) -------- Improved Ion Engine > --- PROPULSION (2) --- Light Treads Compact Wheel > --- UTILITY (2) ------ Huge Storage Unit > --- WEAPON (2) ------- Subdweller Machine Gun Mace > --- INVENTORY (25) --- Improved Ion Engine Improved Ion Engine Light Treads Light Treads Light Treads Light Treads Compact Wheel Subdweller Monowheel Seismic Detector Seismic Detector Scrap Shield Scrap Shield Grenade Launcher Peak State ------------ > --- POWER ------------ Subdweller Power Source > --- PROPULSION ------- Light Treads Compact Wheel > --- UTILITY ---------- Huge Storage Unit Makeshift Light Armor Plating > --- WEAPON ----------- Improved Light Cannon Improved Light Cannon > --- INVENTORY -------- Improved Ion Engine Improved Ion Engine Improved Ion Engine Light Treads Light Treads Light Treads Light Treads Light Treads Compact Wheel Subdweller Monowheel Seismic Detector Seismic Detector Scrap Shield Scrap Shield Subdweller Beam Cannon Subdweller Machine Gun Grenade Launcher Flamer Mace [Rating: 16] Favorites ----------- Power Improved Ion Engine Engine Improved Ion Engine Propulsion Compact Wheel Treads Light Treads Wheel Compact Wheel Utility Huge Storage Unit Device Seismic Detector Storage Huge Storage Unit Protection Makeshift Light Armor Plating Weapon Improved Light Cannon Energy Gun Medium Laser Energy Cannon Subdweller Beam Cannon Ballistic Gun Assault Rifle Ballistic Cannon Improved Light Cannon Launcher Grenade Launcher Special Weapon Mining Laser Impact Weapon Mace Build | -11 -10 -10 ------- Run | Yrd Mat Sub Slots Evolved . | . . . Power . | . . . Propulsion . | . . . Utility . | . . . Weapon . | . . . Parts Attached 32 | 7 8 17 Power 4 | 1 1 2 Engine 4 | 1 1 2 Core . | . . . Reactor . | . . . Propulsion 7 | 2 . 5 Treads 5 | . . 5 Leg . | . . . Wheel 2 | 2 . . Hover . | . . . Flight . | . . . Utility 8 | 2 3 3 Device 3 | 1 1 1 Storage 3 | 1 2 . Processor . | . . . Hackware . | . . . Protection 2 | . . 2 Artifact . | . . . Weapon 13 | 2 4 7 Energy Gun 1 | 1 . . Energy Cannon 1 | . . 1 Ballistic Gun 3 | 1 . 2 Ballistic Cannon 4 | . 2 2 Launcher 1 | . . 1 Special Weapon 2 | . 1 1 Impact Weapon 1 | . 1 . Slashing Weapon . | . . . Piercing Weapon . | . . . Special Melee Weapon . | . . . Unidentified Prototypes . | . . . Parts Lost 11 | . . 11 Power 2 | . . 2 Propulsion 2 | . . 2 Utility 2 | . . 2 Weapon 5 | . . 5 Highest Loss Streak 5 | . . 5 To Critical Strikes . | . . . Average Backups 14 | 5 13 15 Power 2 | 1 2 2 Propulsion 5 | 1 4 6 Utility 2 | . 1 2 Weapon 3 | 1 3 3 Tool/Special . | . . . Unused Backups 13 | . 5 8 Power 4 | . 2 2 Propulsion 3 | . . 3 Utility 3 | . . 3 Weapon 3 | . 3 . Tool/Special . | . . . Average Slot Usage (%) 98 | . 100 97 Engine 13 | . 14 13 Treads 7 | . . 11 Wheel 19 | . 28 14 Device 12 | . 14 12 Storage 14 | . 14 14 Protection 1 | . . 1 Ballistic Gun 1 | . 1 1 Ballistic Cannon 25 | . 23 25 Peak Build Rating 16 | 7 12 16 Average Rating 11 | 5 11 12 On Entrance 6 | . 7 12 Naked Turns . | . . . Heaviest Build 98 | 15 96 98 Greatest Support 40 | 32 32 40 Greatest Overweight (x) 6 | . 2 6 Average Overweight (x) 3 | . 1 5 Largest Inventory Capacity 25 | 8 25 25 Average Capacity 22 | 7 20 25 Most Carried 21 | 6 16 21 Average Carried 14 | 5 13 16 Final Capacity 25 | 8 25 25 Final Carried 16 | 6 16 15 Class Distribution -------------------- 100% | Mutant Dominant Class ---------------- Mutant | -10/Materials Mutant | -10/Subcaves Resources | -11 -10 -10 ----------- Run | Yrd Mat Sub Matter Collected 1188 | 351 263 574 Remotely . | . . . Salvage Created 871 | 327 298 246 Parts 64 | 26 19 19 Haulers Intercepted 1 | . 1 . Recyclers Shooed 1 | . 1 . Parts Field Recycled . | . . . Retrieved Matter . | . . . Parts Self-Destructed 16 | . . 16 Prevented . | . . . Kills | -11 -10 -10 ------- Run | Yrd Mat Sub Combat Hostiles Destroyed 24 | . 6 18 Cannons 18 | . 6 12 AOE 6 | . . 6 Classes Destroyed 9 | 3 4 2 Worker 3 | 2 1 . Tunneler 10 | 9 1 . Hauler 1 | . 1 . Recycler 2 | 1 1 . Turret 1 | . . 1 Watcher 2 | . 2 . Swarmer 12 | . 5 7 Grunt 1 | . 1 . Subdweller 11 | . . 11 Best Kill Streak 6 | 6 5 4 Combat Bots Only 4 | . 4 4 Max Kills in Single Turn 4 | 1 2 4 Gunslinging . | . . . Exploded 4 | . . 4 Melee . | . . . Uniques/NPCs Destroyed . | . . . Combat | -11 -10 -10 -------- Run | Yrd Mat Sub Hostile Shots Fired 164 | . 20 144 Missed 56 | . 7 49 Hits 108 | . 13 95 Projectile 108 | . 13 95 Critical Strikes 1 | . . 1 Damage Taken 1942 | . 102 1840 Core 267 | . 31 236 Absorbed by Shields . | . . . Core Remaining (%) 100 | 100 . . Volleys Fired 130 | 27 27 76 Largest 2 | 2 2 2 Hottest 133 | 70 100 133 Shots Fired 239 | 54 48 137 Gun 72 | 54 2 16 Cannon 157 | . 40 117 Launcher 3 | . . 3 Special 7 | . 6 1 Kinetic 196 | 27 41 128 Thermal 40 | 27 7 6 Explosive 3 | . . 3 Electromagnetic . | . . . Robot Hit Streak 39 | 7 5 39 Robot Miss Streak 4 | 4 4 4 Penetration Max . | . . . Secondary Targets . | . . . Shots Hit Robots 141 | 28 23 90 Core Hits 56 | 13 12 31 Critical Kills . | . . . Critical Parts Destroyed . | . . . Critical Strikes 6 | 2 2 2 Burn 2 | 2 . . Blast 4 | . 2 2 Melee Attacks 8 | . 4 4 Impact 8 | . 4 4 Slashing . | . . . Piercing . | . . . Sneak Attacks . | . . . Combat Hostiles . | . . . Follow-up Attacks . | . . . Damage Inflicted 3115 | 367 577 2171 Guns 572 | 367 13 192 Cannons 2209 | . 564 1645 Explosions 300 | . . 300 Melee 34 | . . 34 Ramming . | . . . Kinetic 2452 | 181 564 1707 Thermal 329 | 186 13 130 Explosive 300 | . . 300 Electromagnetic . | . . . Impact 34 | . . 34 Slashing . | . . . Piercing . | . . . Highest Corruption . | . . . Average Corruption . | . . . Corruption Purged . | . . . Corruption Blocked . | . . . Overload Shots . | . . . Overflow Damage 28 | . 28 . Projectiles 28 | . 28 . Explosions . | . . . Melee . | . . . Knockbacks 21 | . 4 17 Impact 1 | . . 1 Kinetic 20 | . 4 16 Secondary . | . . . Self-Inflicted Damage 55 | . . 55 Shots 2 | . . 2 Rammed . | . . . Targets Rammed . | . . . Kicked . | . . . Crushed . | . . . Highest Temperature 81 | 81 80 . Average Temperature 25 | 31 20 . Received Heat Transfer 291 | . . 291 Siege Activations . | . . . Martial Activations . | . . . Shielding Activations . | . . . Robots Disrupted . | . . . Combat Hostiles . | . . . Robots Corrupted . | . . . Combat Hostiles . | . . . Parts Fried . | . . . Impact Corruptions . | . . . Robots Melted . | . . . Combat Hostiles . | . . . Parts Melted . | . . . Heat Transferred 925 | 703 37 185 Parts Sabotaged . | . . . Parts Stolen . | . . . Parts Stripped . | . . . Power Chain Reactions . | . . . Alert | -11 -10 -10 ------- Run | Yrd Mat Sub Maximum Alert Level . | . . . Low Security (%) 100 | 100 100 . Level 1 . | . . . Level 2 . | . . . Level 3 . | . . . Level 4 . | . . . Level 5 . | . . . High Security . | . . . Max Security . | . . . Peak Influence 90 | 15 90 . Initial 3 | . 3 . Average 8 | 4 9 . Influence Increases 659 | 60 219 380 Destroy 0b10 Robot/C 280 | . 120 160 Destroy 0b10 Robot/NC 95 | 60 35 . Destroy Leader 36 | . 26 10 Successful Hack 17 | . 17 . Disable Machine 15 | . 15 . Destroy Structure 6 | . 6 . Lose Combat Pursuer 210 | . . 210 Influence Decreases 659 | 55 224 380 Entered New Map 2 | . 2 . Time Decay 547 | 55 144 348 Lost Part 32 | . . 32 Purge Threat 78 | . 78 . Squads Dispatched . | . . . Investigation . | . . . Extermination . | . . . Reinforcement . | . . . Assault . | . . . Garrison . | . . . Intercept . | . . . Searches Triggered . | . . . Construction Impeded . | . . . Haulers Reinforced . | . . . Active Scanning Responses . | . . . Cargo Convoy Interrupts . | . . . Stealth | -11 -10 -10 --------- Run | Yrd Mat Sub Distress Signals . | . . . Communications Jammed . | . . . Distress Signals . | . . . Times Spotted 34 | . 11 23 Peak Tracking Total 6 | . 4 6 Tactical Retreats 4 | . . 4 Traps | -11 -10 -10 ------- Run | Yrd Mat Sub Traps Triggered 1 | . . 1 Indirectly . | . . . Trap Hack Attempts . | . . . Triggered . | . . . Disarmed . | . . . Reprogrammed . | . . . Reused . | . . . Traps Extracted . | . . . Installed 1 | . . 1 Triggered . | . . . Machines | -11 -10 -10 ---------- Run | Yrd Mat Sub Machines Disabled 2 | . 1 1 Max in Single Turn 1 | . 1 1 Machines Repaired . | . . . Machines Dismantled . | . . . Machines Sabotaged . | . . . Overloaded Fab Kills . | . . . Hacking | -11 -10 -10 --------- Run | Yrd Mat Sub Machines Accessed 9 | . 8 1 Terminals 7 | . 7 . Fabricators . | . . . Repair Stations . | . . . Recycling Units 1 | . 1 . Scanalyzers . | . . . Garrison Access . | . . . Total Hacks 39 | . 34 5 Successful 24 | . 19 5 Failed 14 | . 14 . Catastrophic . | . . . Database Lockouts 1 | . 1 . Manual 20 | . 20 . Terminals 32 | . 32 . Fabricators . | . . . Repair Stations . | . . . Recycling Units 2 | . 2 . Scanalyzers . | . . . Garrison Access . | . . . Terminal Hacks 19 | . 14 5 Record 5 | . . 5 Part Schematic 1 | . 1 . Robot Analysis 3 | . 3 . Prototype ID Bank 2 | . 2 . Alert Level 1 | . 1 . Unreport Threat 1 | . 1 . Locate Traps 2 | . 2 . Hauler Manifests 1 | . 1 . Registered Components 1 | . 1 . Zone Layout 2 | . 2 . Fabricator Hacks . | . . . Repair Station Hacks . | . . . Recycling Unit Hacks 1 | . 1 . Retrieve Components 1 | . 1 . Scanalyzer . | . . . Garrison Access Hacks . | . . . Unauthorized Hacks 4 | . 4 . Terminals 4 | . 4 . Botnet 3 | . 3 . Operators 1 | . 1 . Fabricators . | . . . Repair Stations . | . . . Recycling Units . | . . . Scanalyzers . | . . . Garrison Access . | . . . Data Cores Recovered . | . . . Used . | . . . Hacking Detections 6 | . 6 . Full Trace Events . | . . . Feedback Events . | . . . Feedback Blocked . | . . . Robot Schematics Acquired . | . . . Robots Built . | . . . Authchips . | . . . Time . | . . . Total Robot Build Rating . | . . . Part Schematics Acquired 1 | . 1 . Parts Built . | . . . Authchips . | . . . Time . | . . . Total Part Build Rating . | . . . Parts Repaired . | . . . Time . | . . . Parts Recycled . | . . . Recycled Matter . | . . . Retrieved Matter . | . . . Retrieved Components 9 | . 9 . Parts Scanalyzed . | . . . Part Schematics Acquired . | . . . Parts Damaged . | . . . Bothacking | -11 -10 -10 ------------ Run | Yrd Mat Sub Used RIF Installer . | . . . Robots Hacked . | . . . Non-combat . | . . . Combat . | . . . Robot Hacks Applied . | . . . Relay Couplers Released . | . . . Fabnet Peak Effective % . | . . . Robots Rewired . | . . . Allies Hacked . | . . . Hacks Repelled . | . . . Allies | -11 -10 -10 -------- Run | Yrd Mat Sub Total Allies . | . . . Largest Group . | . . . Highest-Rated Group . | . . . Highest-Rated Ally . | . . . Total Orders . | . . . Ally Attacks . | . . . Total Damage . | . . . Kills . | . . . Allies Corrupted . | . . . Allies Melted 1 | . . 1 Intel | -11 -10 -10 ------- Run | Yrd Mat Sub Active Infowar (turns) 2513 | 22 1050 1441 Seismic 2513 | 22 1050 1441 Robot Analysis Total 3 | . 3 . Derelict Logs Recovered 2 | . . 2 Drone Launches . | . . . Drone Recoveries . | . . . Exploration | -11 -10 -10 ------------- Run | Yrd Mat Sub Turns Passed 3292 | 252 1050 1990 Spaces Moved 1754 | 81 742 931 Core 15 | 15 . . Treads 4 | . . 4 Legs . | . . . Wheels 1735 | 66 742 927 Hover . | . . . Flight . | . . . Fastest Speed 50 | 50 100 130 Average Speed 149 | 90 121 176 Slowest Speed 480 | 100 130 480 Overloaded Moves . | . . . Propulsion Burnouts . | . . . Robots Hopped . | . . . Potential Cave-ins . | . . . Cave-ins Triggered . | . . . Exploration Rate (%) 49 | 5 87 56 Regions Visited 2 Branch Regions 1 Pre-discovered Areas . | . . . Known Exits Taken . | . . . Unknown Exits Taken 2 | 1 1 . Scrap Searched 8 | . . 8 Spaces Dug 11 | . 4 7 Terrain Destroyed 16 | . 5 11 Melee 3 | . 3 . Projectile 2 | . 2 . AOE 11 | . . 11 Terrain Rammed . | . . . Walls Destroyed . | . . . Machines Disabled . | . . . Actions | -11 -10 -10 --------- Run | Yrd Mat Sub Total 2156 | 202 832 1122 Wait 166 | 80 14 72 Move 1752 | 80 741 931 Hop . | . . . Pick Up 33 | 8 17 8 Fast Attach 8 | 5 2 1 Attach 13 | 2 . 11 Detach 1 | . . 1 Swap 22 | . 8 14 Drop 16 | . 13 3 Fire 130 | 27 27 76 Melee 8 | . 4 4 Ram . | . . . Kick . | . . . Crush . | . . . Escape Stasis . | . . . Rewire 6 | . 6 . Trap 1 | . . 1 Miscellaneous . | . . . Route ------- -11/Scrapyard -10/Materials (discovered 5 exits: [*Mat x2] / [*Min x2] / *Sub) -10/Subcaves (discovered 1 exit: [*Mat]) History --------- Turn | Location | Event 8 | -11/Scrapyard | Discovered new exit (range 15) 253 | -11/Scrapyard | Entered Materials 253 | -10/Materials | Discovered new exit (range 7) 312 | -10/Materials | Build established: Mutant 366 | -10/Materials | Discovered new exit (range 16) 680 | -10/Materials | Discovered new exit (range 11) 964 | -10/Materials | Discovered new exit (range 14) 1114 | -10/Materials | Central database locked down 1293 | -10/Materials | Discovered new exit (range 9) 1303 | -10/Materials | Entered Subcaves 1304 | -10/Subcaves | Approached by a straggling Scientist 1333 | -10/Subcaves | Learned Materials garrison access intel 1483 | -10/Subcaves | Learned 2 Materials zone layouts 1828 | -10/Subcaves | Core integrity fell below 50% 2125 | -10/Subcaves | A swath of the cavern ceiling suddenly collapsed 2297 | -10/Subcaves | Visited Clippyterm 2302 | -10/Subcaves | Learned Factory fabricator intel 2302 | -10/Subcaves | Learned 40 Factory zone layouts 2544 | -10/Subcaves | Discovered new exit (range 14) 3189 | -10/Subcaves | Shifting Twisted Machinery released Riot Gun 3199 | -10/Subcaves | Shifting Twisted Machinery released Battle Rifle 3248 | -10/Subcaves | Core integrity fell below 20% 3293 | -10/Subcaves | Destroyed by RO-WGB(R) with Subdweller Laser Last Messages --------------- Riot Gun falls loose from the Twisted Machinery. 03192_ Acquired 52 matter. 03198_ 8U-53D(R): "MADSUB!" Battle Rifle falls loose from the Twisted Machinery. 03229_ Lgt. Treads destroyed. 03235_ Sub. Machine Gun shoots sparks and powers down. 03238_ Dropped Broken Sub. Machine Gun. 03240_ Flamer destroyed. 03242_ Imp. Light Cannon destroyed. 03244_ 8U-53D(R) knocked back. 03248_ 8U-53D(R) destroyed. 03250_ S3-JR6(R) destroyed. 03257_ Acquired 21 matter. 03261_ Acquired Sub. Machine Gun. 03262_ Broken Sub. Power Source destroyed. 03276_ Mak. Light Armor Plating destroyed. 03284_ RO-WGB(R) affixes Scrap Shield Fragment to Scrap Shield. Map ----- +----------------------------------------------------+ | ?????????????????????????????????????????????????? | | ?????????????????????????????????????????????????? | | ?????????????????????????????????????????????????? | | ?????????????????????????????????????????????????? | | ?????????????????????????????????????????????????? | | ?????????????????????????????????????????????????? | | ?????????????????????????????????????????????????? | | ?????????????????????????????????????????????????? | | ?????????????????????????????????????????????????? | | ?????????????????????????????????????????????????? | | ??????????????####???????????????????????????????? | | ????????????### ##??????????????????????????????? | | ???????????? ##?????????????????????????????? | | ????????????? #?????????????????????????????? | | ?????????????? # #####?????????????????????????? | | ?????????????## # #####?????????????????????? | | ?????????????# ""?????????????????????? | | ?????????????# """"???????????????????? | | ??????????????# # ##""##???#####??????????? | | ????# ?????#### ###""""#??# #??????????? | | ??### ???## ##"" ### #?????????? | | ??# ### [ ???????????? | | ?????# "" ## #??????????????? | | ?????# " ####% R #????????????????? | | ?????# "" #??# = #?????????????????? | | ?????### ##" ##### @ ### "???????????? | | ??????## ##"" #?## # "" ""?????????????? | | ??????# "" ##??# ### """"" ?????????????? | | ??????# """"" #??# %& #####" #[ "?????????????? | | ??????#"" ##??# #?????##????????????????? | | ??????# #?? % #####?????#?????????????????? | | ??????# ## ### % ????? # ##???????????????? | | ??????####" ""### ????? """" ###?????????????? | | ?????????#" ""#?#"% ?????"""" ##????????????? | | ?????????#"] #? ### ?????"""" #????????????? | | ?????????## ### #??#??????#"" ""#????????????? | | ??????????# ### "#####?????# """"#?????????????? | | ?????????## ## " "###???# #??????????????? | | ?????????# "## " """ ##??## ##???###????????? | | ?????????# % "##" """" ##??# #### #????????? | | ????????##"" % """ #### ## #????????? | | ???????## ""%! ## #?????????? | | ???????# """%% ## ##????????? | | ???????# " #????????? | | ???????### "## ##????????? | | ?????????## #?## ###### ##?????????? | | ??????????##???## #????###??????????? | | ????????????????## # ###?????????????????? | | ?????????????????### ### ##???????????????????? | | ???????????????????# #?# ##???????????????????? | +----------------------------------------------------+ Best States ------------- Heat Dissipation 47 Energy Generation 15 Energy Capacity 265 Matter Stores 300 Matter Capacity 300 Sight Range 16 Terrain Scan Density 10 Armor Coverage 150 Evasion (%) 50 Recoil Reduction 2 Item Schematics ----------------- Hcp. Storage Unit | -10/Materials | Hacked Robot Schematics ------------------ None Fabricated ------------ Nothing Repaired ---------- Nothing Alien Tech Used ----------------- None Achievements -------------- None Challenges ------------ None Game ------ Seed TimingTrackerSlayer Manual? 0 Play Time 00:25:47 Cumulative 374.3 hours Start 2025.10.20 @ 20:26:53 End 2025.10.20 @ 21:33:26 Sessions 1 Manual Loads 0 Difficulty Rogue Special Mode None Game No. 249 Rogue 249 Adventurer 0 Explorer 0 Win Type - Total 5 Types 3/0/1/0/0/0/0/1/0/0 Lore% 78 Gallery% 79 Achievement% 71 Wizard Run 0 Options --------- Layout 1 ASCII 0 Keyboard 0 Movement Numpad Keybinds 0 Fullscreen 1 Font 24/Smallcaps Map View 50x40 Zoom Use 0% Tactical HUD 1 Map Filters NONE Filters NONE Steam 1 RUN: 494ef94c-0833-4944-8dd6-5196bc4004d6